 Dungeon Crawl Stone Soup version 0.25.1-2-g60ff931df9 (webtiles) character file.

Game seed: 9487955042220244097

625 DildoBatman the Conjurer (level 7, -9/46 HPs)
             Began as a Formicid Wizard on Sept 28, 2020.
             Was a Follower of Kikubaaqudgha.
             Mangled by an ogre
             ... wielding a cursed -1 giant spiked club
              (26 damage)
             ... on level 5 of the Dungeon.
             The game lasted 00:15:35 (4883 turns).

DildoBatman the Conjurer (Formicid Wizard)          Turns: 4883, Time: 00:15:35

Health: -9/46      AC:  3    Str: 12    XL:     7   Next: 76%
Magic:  3/11       EV: 12    Int: 19    God:    Kikubaaqudgha [*.....]
Gold:   339        SH:  0    Dex:  9    Spells: 5/12 levels left

rFire    . . .     SeeInvis +   b - +0 hunting sling
rCold    . . .     Gourm    .   (no shield)
rNeg     . . .     Faith    .   l - +0 robe
rPois    .         Spirit   .   (helmet unavailable)
rElec    .         Reflect  .   (no cloak)
rCorr    .         Harm     .   (no gloves)
MR       .....                  e - +0 pair of boots (curse)
Stlth    ++........             (no amulet)
HPRegen  0.15/turn              q - ring of teleportation (curse)
MPRegen  0.12/turn              (no ring)

@: very slightly contaminated
A: permanent stasis, dig shafts and tunnels, four strong arms, antennae 3
a: Dig, Shaft Self, Receive Corpses, Renounce Religion


You were on level 5 of the Dungeon.
You worshipped Kikubaaqudgha.
Kikubaaqudgha was aware of your devotion.
You were hungry.

You visited 2 branches of the dungeon, and saw 6 of its levels.

You collected 339 gold pieces.

Inventory:

Hand Weapons
 a - a +3 mace of protection
 b - a +0 hunting sling (weapon)
 c - a +2 vampiric whip
Missiles
 f - 83 stones (quivered)
 j - 31 sling bullets
 o - 80 bolts
 u - 51 arrows
 y - 2 boomerangs
 H - 22 poisoned darts
Armour
 e - a cursed +0 pair of boots (worn)
 l - a +0 robe (worn)
Jewellery
 q - a cursed ring of teleportation (left hand)
Scrolls
 d - a scroll of fog {unknown}
 g - 2 scrolls of enchant weapon {unknown}
 h - 2 scrolls of teleportation {unknown}
 i - a scroll of noise {unknown}
 k - a scroll of random uselessness {unknown}
 n - 3 scrolls of remove curse {unknown}
 w - a scroll of fear {unknown}
 z - 8 scrolls of identify
 A - a scroll of blinking {unknown}
 C - 2 scrolls of magic mapping
 D - a scroll of amnesia {unknown}
Potions
 m - 2 potions of stabbing {unknown}
 p - a potion of berserk rage {unknown}
 r - a potion of magic
 s - a potion of curing {unknown}
 t - a potion of experience {unknown}
 x - 2 potions of ambrosia {unknown}
 B - a potion of brilliance {unknown}
 E - a potion of degeneration {unknown}
 F - 2 potions of heal wounds {unknown}
 G - a potion of invisibility {unknown}
 I - a potion of lignification {unknown}
Comestibles
 v - 9 rations
 J - 6 chunks of flesh


   Skills:
 - Level 1.7 Dodging
 - Level 2.4 Stealth
 - Level 3.2 Spellcasting
 * Level 5.3 Conjurations
   Level 1.0 Summonings
   Level 0.8 Translocations
 * Level 3.3 Fire Magic
 * Level 2.7 Air Magic


You had 5 spell levels left.
You knew the following spells:

 Your Spells              Type           Power        Failure   Level  Hunger
a - Conjure Flame         Conj/Fire      ###.....     8%          3    ###....
c - Magic Dart            Conj           ###.         1%          1    None
e - Mephitic Cloud        Conj/Pois/Air  ##......     14%         3    ###....

Your spell library contained the following spells:

 Spells                   Type           Power        Failure   Level  Hunger
 Corpse Rot               Necr/Air       N/A          13%         2    ##.....
 Pain                     Necr           #...         16%         1    None
 Call Imp                 Summ           #.......     16%         2    ##.....
 Slow                     Hex            #.......     22%         2    ##.....
 Sublimation of Blood     Necr           #.........   22%         2    ##.....
 Vampiric Draining        Necr           #.........   41%         3    ###....
 Blink                    Tloc           Unusable     N/A         2    N/A

Dungeon Overview and Level Annotations

Branches:
Dungeon (5/15)             Temple (1/1) D:4

Altars:
Ashenzari
Elyvilon
Fedhas
Gozag
Hepliaklqana
Kikubaaqudgha
Nemelex Xobeh
Okawaru
Qazlal
Ru
Sif Muna
Uskayaw
Vehumet
Wu Jian
The Shining One

Shops:
D:4 =

Annotations:
D:2 Grinder
D:3 1 exclusion
D:5 Eustachio


Innate Abilities, Weirdness & Mutations

You cannot be hasted, slowed, berserked, paralysed or teleported.
You can dig through walls and to a lower floor.
Your four strong arms can wield two-handed weapons with a shield.
You have a pair of large antennae on your head. (SInv)


Message History

Firing (i - inventory. (/) - cycle)
f - 85 stones (quivered)
Press: ? - help, Shift-Dir - straight line, f/p - ogre
Aim: an ogre, wielding a -1 giant spiked club (flame, confused)
You shoot a stone. The stone hits the ogre.
The ogre is lightly wounded.
The ogre is engulfed in blazing flames.
The ogre hits you with a cursed -1 giant spiked club!!
Ouch! That really hurt!
Firing (i - inventory. (/) - cycle)
f - 84 stones (quivered)
Press: ? - help, Shift-Dir - straight line, f/p - ogre
Aim: an ogre, wielding a -1 giant spiked club (flame, heavily wounded, confused)
You shoot a stone. The stone barely misses the ogre.
The ogre is engulfed in blazing flames.
The ogre laughs crazily.
The ogre hits you with a cursed -1 giant spiked club!!
Ouch! That really hurt!
You die...
Kikubaaqudgha rasps: "You have failed me!
Welcome... death!"

......._......###.####
.###....##.### #...##
#...###.# ###.##
###.###.# #.## #.....#
##.## #### #.#####
##.... #..# #.#
#........
#(.###.######.###..##
#(.O@........# ####
#.##########.# #.# #O#
{ ######.# { {
#......# # ####)######
{ #.##....##
#...<.>O.#


You could see an ogre (confused).

Vanquished Creatures
  2 ice beasts (D:5)
  A centaur (D:5)
  A hound (D:4)
  An orc wizard (D:3)
  2 orc priests
  A bullfrog skeleton (D:4)
  An iguana (D:4)
  A hound skeleton (D:5)
  Robin (D:4)
  3 adders
  2 adder skeletons (D:4)
  5 worms
  2 dart slugs
  4 leopard geckos
  18 orcs
  4 giant cockroaches
  8 goblins
  8 hobgoblins
  8 jackals
  8 kobolds
  A quokka (D:2)
  A ball python (D:4)
  6 bats
  3 frilled lizards (D:1)
  7 rats
99 creatures vanquished.

Notes
Turn   | Place    | Note
-------+----------+-------------------------------------------
     0 | D:1      | DildoBatman the Formicid Wizard began the quest for the
                  | Orb.
     0 | D:1      | Reached XP level 1. HP: 13/13 MP: 4/4
    46 | D:1      | Reached skill level 1 in Conjurations
   212 | D:1      | Reached XP level 2. HP: 19/19 MP: 1/6
   321 | D:1      | Reached skill level 2 in Conjurations
   574 | D:1      | Reached XP level 3. HP: 19/24 MP: 0/7
   579 | D:1      | Learned a level 3 spell: Conjure Flame
   583 | D:1      | Learned a level 3 spell: Mephitic Cloud
   894 | D:2      | Reached skill level 3 in Conjurations
  1084 | D:2      | Reached XP level 4. HP: 29/30 MP: 1/8
  1668 | D:2      | Found a sparkling altar of Nemelex Xobeh.
  1927 | D:3      | Reached skill level 4 in Conjurations
  1927 | D:3      | Reached XP level 5. HP: 35/35 MP: 1/9
  2021 | D:3      | Noticed Grinder
  2655 | D:4      | Found a hazy altar of Hepliaklqana.
  2750 | D:4      | Found a sparkling altar of Nemelex Xobeh.
  2880 | D:4      | Found Cimniock's Jewellery Boutique.
  2918 | D:4      | Found a staircase to the Ecumenical Temple.
  2927 | Temple   | Entered the Ecumenical Temple
  3296 | Temple   | Became a worshipper of Kikubaaqudgha
  3358 | D:4      | Reached skill level 1 in Fire Magic
  3712 | D:3      | Reached skill level 1 in Air Magic
  3712 | D:3      | Reached XP level 6. HP: 21/41 MP: 1/10
  4255 | D:4      | Noticed Robin
  4286 | D:4      | Killed Robin
  4358 | D:5      | Entered Level 5 of the Dungeon
  4386 | D:5      | Noticed an ogre
  4455 | D:5      | Noticed an ice beast
  4474 | D:5      | Killed an ice beast
  4474 | D:5      | Reached skill level 5 in Conjurations
  4474 | D:5      | Reached XP level 7. HP: 20/46 MP: 6/11
  4509 | D:5      | Noticed Eustachio
  4760 | D:5      | Reached * piety under Kikubaaqudgha
  4760 | D:5      | Identified Kikubaaqudgha's Disquisition on Unholy Arts
                  | (Kikubaaqudgha gifted it to you on level 5 of the Dungeon)
  4760 | D:5      | Received a gift from Kikubaaqudgha
  4806 | D:5      | Found a blossoming altar of Fedhas.
  4883 | D:5      | Mangled by an ogre

Illustrated notes

Levels and vault maps discovered:
D:1:      dpeg_arrival_brainrot, layout_rooms
D:2:      layout_loops_ring, nemelex_diamond_rough_becter
D:3:      layout_loops_ring, uniq_grinder
D:4:      layout_basic, old_standard_altar, kennysheep_little_box,
          lemuel_temple_firewalk_b, serial_shops, nicolae_shop_trees,
          first_ration, uniq_robin
D:5:      layout_loops_ring, yredelemnul_forgotten_temple_becter,
          nicolae_overflow_crystal_walls, serial_shops,
          nicolae_shop_temple_entry_statues_fountains, st_stairs_4,
          kennysheep_generic_room_5, uniq_eustachio
Temple:   minmay_temple_forest_path

Skill      XL: |  1  2  3  4  5  6  7 |
---------------+----------------------+-----
Conjurations   | 1 2 3 4 5 |  5.3
Fire Magic     | 1 2 3 |  3.3
Air Magic      | 1 2 |  2.7
Dodging        | |  1.7
Stealth        | |  2.4
Spellcasting   | |  3.2
Summonings     | |  1.0
Translocations | |  0.8

Action                   |  1- 3 |  4- 6 |  7- 9 || total
-------------------------+-------+-------+-------++-------
Melee: Whip              |    47 |     7 |       ||    54
       Mace              |       |    26 |       ||    26
       Hunting sling     |       |     1 |       ||     1
 Fire: Hunting sling     |       |    73 |    73 ||   146
 Cast: Magic Dart        |    69 |   109 |     4 ||   182
       Mephitic Cloud    |     1 |     9 |     3 ||    13
       Conjure Flame     |       |     7 |     6 ||    13
 Abil: Dig               |    13 |    11 |     2 ||    26
  Use: Scroll            |       |     2 |       ||     2
       Potion            |       |     1 |       ||     1
 Stab: Confused          |     1 |     2 |       ||     3
  Eat: Chunk             |     1 |    11 |     2 ||    14
       Ration            |       |     1 |       ||     1
Armor: Robe              |     9 |    13 |     1 ||    23
Dodge: Dodged            |    37 |    49 |     7 ||    93
